 Dungeon Crawl Stone Soup version 0.21-a0-442-g848f44b (webtiles) character file.

604 4thArraOfDagon the Slasher (level 7, 0/52 HPs)
             Began as a Mummy Monk on Nov 13, 2017.
             Was a Believer of Sif Muna.
             Slain by a bullfrog (5 damage)
             ... on level 7 of the Dungeon.
             The game lasted 00:08:48 (1575 turns).

4thArraOfDagon the Slasher (Mummy Monk)             Turns: 1575, Time: 00:08:49

Health: 0/52       AC:  6    Str: 14    XL:     7   Next: 18%
Magic:  7/7        EV: 11    Int: 11    God:    Sif Muna [**....]
Gold:   151        SH:  0    Dex: 15    Spells: 6/6 levels left

rFire    x . .     SeeInvis .   a - +0 falchion
rCold    + . .     Gourm    .   (no shield)
rNeg     + + +     Faith    .   h - +1 ring mail
rPois    ∞         Spirit   .   (no helmet)
rElec    .         Reflect  .   (no cloak)
rCorr    .         Harm     .   (no gloves)
MR       .....                  (no boots)
Stlth    +.........             (no amulet)
HPRegen  0.17/turn              (no ring)
MPRegen  0.10/turn              (no ring)

@: no status effects
A: no food or potions, fire vulnerability, cold resistance 1, negative energy
resistance 3, torment resistance, unbreathing
a: Divine Energy, Renounce Religion


You were on level 7 of the Dungeon.
You worshipped Sif Muna.
Sif Muna was pleased with you.
You were not hungry.

You visited 2 branches of the dungeon, and saw 7 of its levels.

You collected 151 gold pieces.

Inventory:

Hand Weapons
 a - a +0 falchion (weapon)
Armour
 b - a +0 robe
 h - a +1 ring mail (worn)
Wands
 g - a wand of clouds (3/9)
Scrolls
 c - a scroll of blinking {unknown}
 d - a scroll of immolation {unknown}
 e - a scroll of remove curse


   Skills:
 - Level 3.0 Fighting
 * Level 7.0 Long Blades
 - Level 2.4 Dodging
 - Level 1.5 Stealth


You had 6 spell levels left.
You didn't know any spells.

Dungeon Overview and Level Annotations

Branches:
Dungeon (7/15)             Temple (1/1) D:7

Altars:
Ashenzari
Fedhas
Kikubaaqudgha
Nemelex Xobeh
Qazlal
Sif Muna
Wu Jian
Xom
Yredelemnul
The Shining One

Annotations:
D:2 Sigmund
D:3 Natasha
D:6 Menkaure


Innate Abilities, Weirdness & Mutations

You do not eat or drink.
Your flesh is vulnerable to fire.
You are immune to poison.
Your flesh is cold resistant. (rC+)
You are immune to negative energy. (rN+++)
You are immune to unholy pain and torment.
You can survive without breathing.


Message History

Press: ? - help, Dir - move target cursor, f - bullfrog
Aim: a bullfrog You create a blast of poison gas!
This wand has 3 charges left.
The bullfrog is engulfed in poison gas.
The bullfrog is poisoned.
The bullfrog hits you but does no damage.
The bullfrog is engulfed in poison gas.
The bullfrog looks even sicker.
The bullfrog hits you.
* * * LOW HITPOINT WARNING * * *
Unknown command.
Unknown command.
The bullfrog is engulfed in poison gas.
The bullfrog looks even sicker.
The bullfrog barely misses you.
Unknown command.
Unknown command.
The bullfrog is engulfed in poison gas.
The bullfrog looks as sick as possible!
The bullfrog hits you.
* * * LOW HITPOINT WARNING * * *
The bullfrog is engulfed in poison gas.
The bullfrog looks as sick as possible!
The bullfrog hits you.
You die...

.#.#######..##.#
............>..#
##.######.######
#.....# .
#.....#.#
#.....#.#
#..>..§.#
#...§§# #.@F§§#
#..J§§# #######


You could see a bullfrog and a jelly.

Vanquished Creatures
  A hippogriff (D:7)
  An orc warrior (D:5)
  An eye of draining (D:6)
  A centaur (D:5)
  A bullfrog (D:5)
  2 crimson imps (D:7)
  3 adders
  2 dart slugs
  A leopard gecko (D:5)
  3 orcs
  A bat (D:1)
  A giant cockroach (D:1)
  6 goblins
  2 hobgoblins
  A quokka (D:2)
  A frilled lizard (D:1)
  A jackal skeleton (D:7)
  2 kobolds
  5 rats
36 creatures vanquished.

Notes
Turn   | Place    | Note
-------+----------+-------------------------------------------
     0 | D:1      | 4thArraOfDagon the Mummy Monk began the quest for the Orb.
     0 | D:1      | Reached XP level 1. HP: 18/18 MP: 1/1
   120 | D:1      | Reached XP level 2. HP: 24/24 MP: 2/2
   128 | D:2      | Noticed Sigmund
   178 | D:2      | Noticed a phantom
   260 | D:1      | Reached skill level 3 in Long Blades
   587 | D:2      | Reached XP level 3. HP: 26/29 MP: 3/3
   883 | D:3      | Noticed Natasha
   888 | D:3      | You fall through a shaft for 2 floors!
   888 | D:5      | Entered Level 5 of the Dungeon
   897 | D:5      | Noticed an ice beast
   956 | D:5      | Noticed an orc warrior
   962 | D:5      | Noticed a centaur
   974 | D:5      | Killed a centaur
   974 | D:5      | Reached skill level 4 in Long Blades
   974 | D:5      | Reached XP level 4. HP: 23/35 MP: 4/4
  1078 | D:5      | Noticed a bullfrog
  1113 | D:5      | Noticed a phantom
  1174 | D:5      | Killed an orc warrior
  1174 | D:5      | Reached skill level 5 in Long Blades
  1174 | D:5      | Reached XP level 5. HP: 28/41 MP: 5/5
  1211 | D:5      | Reached XP level 6. HP: 18/47 MP: 6/6
  1260 | D:6      | Reached skill level 6 in Long Blades
  1316 | D:6      | Noticed Menkaure
  1323 | D:7      | Noticed a hippogriff
  1330 | D:7      | Found a staircase to the Ecumenical Temple.
  1330 | D:7      | Noticed an ice beast
  1337 | Temple   | Entered the Ecumenical Temple
  1350 | Temple   | Became a worshipper of Sif Muna the Loreminder
  1350 | Temple   | Reached * piety under Sif Muna
  1350 | Temple   | Reached ** piety under Sif Muna
  1405 | D:7      | Killed a hippogriff
  1405 | D:7      | Reached XP level 7. HP: 3/52 MP: 7/7
  1437 | D:7      | HP: 1/52 [crimson imp (3)]
  1515 | D:7      | Reached skill level 7 in Long Blades
  1575 | D:7      | Slain by a bullfrog

Vault maps used:
D:1:      mrwooster_arrival_statue_2, serial_bayou_lake_a
D:2:      first_bread, uniq_sigmund
D:3:      marbit_many_paths, old_standard_altar, lemuel_round_altar,
          uniq_natasha
D:5:      minmay_misc_feat_doors
D:6:      basic_altar, serial_shops, nicolae_shop_waterfront, shop,
          nicolae_shop_crystal, nicolae_shop_stone, nicolae_shop_crystal,
          minivault_11, grunt_qazlal_sundering, uniq_menkaure
D:7:      lemuel_crystal_altar, overflow_temple_1_default, temple_green,
          serial_shops, nicolae_shop_waterfront
Temple:   regret_index_temple_waves

Skill      XL: |  1  2  3  4  5  6  7 |
---------------+----------------------+-----
Long Blades    | 3 4 5 6 7 |  7.0
Fighting       | |  3.0
Dodging        | |  2.4
Stealth        | |  1.5

Action                   |  1- 3 |  4- 6 |  7- 9 || total
-------------------------+-------+-------+-------++-------
Melee: Falchion          |    68 |    44 |    46 ||   158
Evoke: Wand              |     1 |     4 |     1 ||     6
  Use: Scroll            |     4 |       |       ||     4
 Stab: Sleeping          |     3 |       |       ||     3
       Confused          |       |     2 |       ||     2
Armor: Robe              |     6 |       |       ||     6
       Ring mail         |    10 |    30 |    17 ||    57
Dodge: Dodged            |    58 |    39 |    14 ||   111
       Rpst.: Falchion   |    21 |     8 |     3 ||    32

Table legend:
 A = Spawn XP
 B = Non-spawn XP
 C = Spawn XP percentage of total XP
 D = Spawn monster count
 E = Non-spawn monster count
 F = Spawn count percentage of total count
 G = Total turns spent on level
                    A         B        C        D         E        F      G
               +---------+---------+-------+---------+---------+-------+---------
         Total |       0 |     863 |   0.0 |       0 |      36 |   0.0 |  1575
               +---------+---------+-------+---------+---------+-------+---------
           D:1 |       0 |      18 |   0.0 |       0 |      10 |   0.0 |   275
           D:2 |       0 |      47 |   0.0 |       0 |      13 |   0.0 |   599
           D:3 |       0 |       1 |   0.0 |       0 |       1 |   0.0 |    14
           D:5 |       0 |     335 |   0.0 |       0 |       6 |   0.0 |   339
           D:6 |       0 |     133 |   0.0 |       0 |       2 |   0.0 |    96
           D:7 |       0 |     329 |   0.0 |       0 |       4 |   0.0 |   196
               +---------+---------+-------+---------+---------+-------+---------
